 Dungeon Crawl Stone Soup version 0.31-a0-819-gf6de2f5ab6 (webtiles) character file.

Game seed: 1517995398574346772

19 theswoord the Twirler (level 2, -2/22 HPs)
             Began as a Demonspawn Gladiator on Sept 24, 2023.
             Slain by a worm (7 damage)
             ... on level 2 of the Dungeon.
             The game lasted 00:00:59 (569 turns).

theswoord the Twirler (Demonspawn Gladiator)         Turns: 569, Time: 00:00:59

Health: -2/22      AC: 11    Str: 14    XL:     2   Next: 55%
Magic:  2/2        EV:  4    Int:  9    God:
Gold:   56         SH:  0    Dex: 14    Spells: 1/1 levels left

rFire   . . .        a - +0 quarterstaff
rCold   . . .        (shield currently unavailable)
rNeg    . . .        f - +0 plate armour
rPois   .            c - +0 helmet
rElec   .            (no cloak)
rCorr   .            (no gloves)
SInv    .            (no boots)
Will    .....        (no amulet) Stlth
                     (no ring)
HPRegen 0.23/turn    (no ring)
MPRegen 0.08/turn

%: no passive effects
@: no status effects
A: powered by death 1
a: no special abilities


You were on level 2 of the Dungeon.
You visited 1 branch of the dungeon, and saw 2 of its levels.

You collected 56 gold pieces.

Inventory:

Hand Weapons
 a - a +0 quarterstaff (weapon)
Missiles
 d - 3 throwing nets (quivered)
 e - 7 javelins
Armour
 b - a +0 leather armour
 c - a +0 helmet (worn)
 f - a +0 plate armour (worn)
 m - a +0 pair of gloves
 o - a scarf of harm
Scrolls
 g - a scroll of identify
 h - a scroll of fog {unknown}
Potions
 i - a potion of invisibility {unknown}
 j - a potion of degeneration {unknown}
 k - 2 potions of heal wounds
 l - a potion of curing


   Skills:
 - Level 2.0 Fighting
 + Level 3.6 Staves
 - Level 1.7 Throwing
 - Level 2.6 Dodging


You had one spell level left.
You didn't know any spells.
Your spell library was empty.

Dungeon Overview and Level Annotations

Branches:
Dungeon (2/15)

Altars:


Innate Abilities, Weirdness & Mutations

You regenerate a little health from kills.


Message History

Things that are here:
a +0 short sword; a kobold corpse The quokka barely misses you.
You miss the quokka. The quokka bites you.
You hit the quokka.
The quokka bites you but does no damage. x2
You hit the quokka.
You kill the quokka!
No target in view!
No target in view!
No target in view!
No target in view!
No target in view!
No target in view!
A giant cockroach comes into view.
A giant cockroach is nearby!
A giant cockroach is nearby!
A giant cockroach is nearby!
A worm comes into view.
You hit the worm. You barely miss the worm.
The worm bites you but does no damage.
The giant cockroach bites you but does no damage.
You hit the giant cockroach.
You kill the giant cockroach!
The worm bites you.
You hit the worm. You hit the worm. The worm bites you.
You hit the worm but do no damage. The worm bites you.
You hit the worm. You hit the worm but do no damage.
The worm bites you but does no damage.
You barely miss the worm. The worm completely misses you.
You barely miss the worm. You hit the worm. The worm bites you.
* * * LOW HITPOINT WARNING * * *
You hit the worm. The worm barely misses you.
You hit the worm. You thump the worm! The worm bites you!
* * * LOW HITPOINT WARNING * * *
You completely miss the worm. The worm bites you!
You die...

****,**,***,****** **,*
,,,,,**,,....##* *,*
**,*,****#.....* *,* **,*,*
*#.....#*###*,* **,*,*
*.......*#..,,* **,*,*
**,.....*#.#*** **,*,*
*,,,...*#.# ,,,,,* *,#.##.##.###
*#.*### *,#....@.†..# ,..,..#
*,####w##.#.# *#.*#.#
*,,,...*#)#.#
*#.##.#####*####*#.#.#
**........# #.#.# **
**#.#..##.########.#.###### *,
###.#..##.##..............#*****,
..........)..........####.#,,,,,,
......###.##.######.##.....,,,,*,


You could see a worm.

Vanquished Creatures
  A dart slug (D:2)
  2 ball pythons (D:1)
  2 giant cockroaches (D:2)
  A hobgoblin (D:2)
  A quokka (D:2)
  3 bats
  2 frilled lizards (D:1)
  3 kobolds
  A rat (D:1)
16 creatures vanquished.

Notes
Turn   | Place    | Note
-------+----------+-------------------------------------------
     0 | D:1      | theswoord the Demonspawn Gladiator began the quest for the
                  | Orb.
     0 | D:1      | Reached XP level 1. HP: 16/16 MP: 1/1
   118 | D:1      | Reached skill level 3 in Staves
   427 | D:2      | Gained mutation: You regenerate a little health from kills.
                  | [demonic ancestry]
   427 | D:2      | Reached XP level 2. HP: 22/22 MP: 2/2
   569 | D:2      | Slain by a worm

Skill      XL: |  1 |
---------------+----+-----
Staves         | 3 |  3.6
Fighting       | |  2.0
Throwing       | |  1.7
Dodging        | |  2.6

Action                     || total
---------------------------++-------
  Melee: Quarterstaff      ||    44
    Use: Scroll            ||     6
 Armour: Plate armour      ||    33
  Dodge: Dodged            ||     8

Levels and vault maps discovered:
D:1:      dpeg_arrival_stonehenge_12_columns, layout_basic
D:2:      layout_loops_cross, uniq_sigmund
